Map: Coda LE

Players

Pseudorandom - Winner!

StarNaN

  • Race: Protoss Protoss
  • Spawn Location: 11:00

VOD

Have the link to the VOD?

Description

Time

  • Played on: April 1, 2015, 11:52 p.m.
  • Length: 8:28
Show
View Real Time Build Order
Export as new Build Order

Pseudorandom Zerg - Winner!

Build Orders: Pool First, Ravager All-In 

Get SALT Encoding   

  12  0:01  Drone  
  13  0:08  Drone  
  14  0:27  Spawning Pool  
  13  0:31  Drone  
  14  0:38  Overlord  
  14  0:56  Drone  
  14  0:57  Drone x2  
  17  1:07  Drone  
  18  1:14  Queen  
  20  1:21  Extractor  
  20  1:31  Hatchery  
  19  1:34  Extractor  
  19  1:35  Drone  
  19  1:42  Drone x2  
  21  1:48  Extractor  
  21  1:50  Zergling x2  
  21  2:00  Overlord  
  21  2:14  Drone  
  21  2:15  Roach Warren  
  21  2:25  Drone  
  21  2:28  Drone x2  
  21  2:29  Drone  
  25  2:33  Drone  
  26  2:42  Overlord  
  26  2:56  Roach x2  
  26  2:58  Roach  
  32  3:03  Roach  
  34  3:09  Roach  
  35  3:17  Ravager x3  
  38  3:22  Queen  
  38  3:26  Ravager  
  41  3:33  Overlord  
  41  3:38  Ravager  
  41  3:40  Drone  
  43  3:48  Overlord  
  43  4:07  Drone x6  
  43  4:08  Drone x3  
  52  4:23  Drone x4  
  56  4:31  Drone  
  56  4:32  Lair  
  57  4:40  Drone x2  
  57  4:41  Overlord  
  57  4:42  Overlord  
  59  5:00  Drone x2  
  59  5:01  Drone x2  
  59  5:02  Hatchery  
  47  5:15  Extractor  
  47  5:16  Overlord, Extractor  
  47  5:17  Drone x6  
  47  5:18  Drone x2  
  53  5:31  Zergling x2  
  53  5:32  Evolution Chamber, Zergling x2  
  53  5:33  Evolution Chamber  
  53  5:34  Spire  
  52  5:44  Spore Crawler x2  
  52  5:45  Drone  
  52  5:46  Drone, Spore Crawler x2  
  50  5:52  Metabolic Boost  
  50  6:02  Drone x2  
  52  6:04  Zerg Ground Armor Level 1  
  52  6:07  Zerg Melee Weapons Level 1  
  52  6:11  Drone x2  
  53  6:13  Drone  
  53  6:15  Drone  
  53  6:18  Drone  
  57  6:30  Drone  
  57  6:31  Drone x2  
  60  6:41  Zergling x2  
  60  6:42  Zergling x20  
  70  6:47  Mutalisk x2  
  70  6:56  Mutalisk x3  
  76  7:09  Queen  
  76  7:15  Mutalisk x3  
  84  7:24  Hydralisk Den  
  84  7:29  Drone x6  
  89  7:33  Drone  
  89  7:34  Overlord x2  
  79  8:11  Drone x6  
  79  8:12  Drone x6  
  79  8:16  Hatchery, Extractor x2  
  79  8:27  Infestation Pit  
Show
View Real Time Build Order
Export as new Build Order

StarNaN Protoss 

Build Orders: 1 Gate Expand 

Get SALT Encoding   

  12  0:01  Probe  
  13  0:13  Pylon  
  13  0:17  Probe  
  14  0:31  Probe (Chrono Boost)  
  15  0:37  Gateway  
  15  0:41  Probe (Chrono Boost)  
  16  0:48  Probe  
  17  1:09  Nexus  
  17  1:16  Assimilator  
  17  1:20  Assimilator  
  17  1:22  Probe (Chrono Boost)  
  19  1:33  Probe (Chrono Boost)  
  19  1:35  Cybernetics Core  
  19  1:40  Probe (Chrono Boost)  
  19  1:46  Pylon  
  20  1:52  Probe (Chrono Boost)  
  21  2:00  Probe  
  22  2:10  Pylon  
  22  2:13  Mothership Core (Chrono Boost)  
  24  2:17  Adept  
  27  2:24  Probe (Chrono Boost)  
  27  2:34  Pylon  
  28  2:37  Probe  
  28  2:39  Probe  
  29  2:45  Sentry (Chrono Boost), Warp Gate (Chrono Boost)  
  31  3:00  Gateway  
  31  3:01  Gateway  
  31  3:04  Probe (Chrono Boost)  
  32  3:12  Probe (Chrono Boost)  
  33  3:16  Probe (Chrono Boost)  
  35  3:20  Probe (Chrono Boost)  
  35  3:22  Probe (Chrono Boost)  
  35  3:26  Robotics Facility  
  36  3:32  Probe (Chrono Boost)  
  36  3:33  Probe (Chrono Boost)  
  38  3:38  Probe (Chrono Boost)  
  38  3:40  Probe  
  40  3:44  Pylon  
  40  3:50  Probe, Pylon  
  40  3:53  Probe  
  42  4:04  Probe  
  42  4:05  Probe  
  44  4:17  Probe x2  
  45  4:19  Immortal (Chrono Boost)  
  45  4:23  Pylon  
  48  4:31  Gateway  
  50  4:33  Probe (Chrono Boost), Gateway  
  50  4:35  Mothership Core (Chrono Boost)  
  51  4:44  Probe (Chrono Boost)  
  52  4:49  Probe  
  52  4:50  Pylon  
  52  4:53  Probe  
  52  4:54  Immortal (Chrono Boost)  
  52  4:55  Pylon  
  53  5:13  Nexus  
  53  5:26  Warp Prism (Chrono Boost)  
  55  5:30  Probe  
  56  5:42  Probe  
  57  5:45  Nexus  
  57  5:46  Robotics Bay  
  57  5:48  Pylon  
  57  5:51  Sentry x2  
  57  5:54  Probe  
  57  5:56  Pylon  
  62  6:00  Pylon  
  62  6:08  Probe  
  63  6:14  Forge  
  63  6:20  Probe  
  63  6:21  Sentry x3  
  63  6:25  Probe  
  71  6:31  Assimilator  
  71  6:32  Probe, Assimilator  
  72  6:50  Probe x2, Pylon  
  74  7:00  Probe  
  79  7:02  Probe x2  
  79  7:08  Disruptor (Chrono Boost)  
  81  7:12  Probe  
  81  7:14  Probe, Gateway  
  81  7:15  Gateway, Photon Cannon  
  83  7:18  Probe  
  83  7:20  Photon Cannon  
  84  7:24  Probe  
  84  7:26  Probe  
  84  7:27  Gateway  
  84  7:28  Gateway  
  86  7:40  Photon Cannon  
  80  7:52  Stalker x3  
Tags
 
Add a new tag
Caveats
  • Supply blocks, unpowered buildings, or Contaminate may cause inaccurate times.
  • Supply counts are checked every 10 seconds.